 Dungeon Crawl Stone Soup version 0.25.1-2-g60ff931df9 (webtiles) character file.

Game seed: 13785868869459173219

1054 gruber the Frost Mage (level 7, -5/50 HPs)
             Began as a Demigod Ice Elementalist on Nov 10, 2020.
             Killed by nerve-wracking pain
             ... invoked by Grinder
              (14 damage)
             ... on level 5 of the Dungeon.
             The game lasted 00:07:24 (5585 turns).

gruber the Frost Mage (Demigod Ice Elementalist)    Turns: 5585, Time: 00:07:24

Health: -5/50      AC:  3    Str: 11    XL:     7   Next: 76%
Magic:  0/25       EV: 12    Int: 23    God:
Gold:   215        SH:  0    Dex: 16    Spells: 2/14 levels left

rFire    x . .     SeeInvis .   h - +3 dagger (venom)
rCold    + . .     Gourm    .   (no shield)
rNeg     . . .     Faith    .   a - +0 robe
rPois    .         Spirit   .   (no helmet)
rElec    .         Reflect  .   s - +0 cloak
rCorr    .         Harm     .   (no gloves)
MR       .....                  (no boots)
Stlth    ++........             (no amulet)
HPRegen  0.16/turn              b - ring of magical power
MPRegen  0.19/turn              y - ring of ice

@: very slightly contaminated
A: high mp 1
a: no special abilities


You were on level 5 of the Dungeon.
You were not hungry.

You visited 1 branch of the dungeon, and saw 5 of its levels.

You collected 215 gold pieces.

Inventory:

Hand Weapons
 h - a +3 dagger of venom (weapon)
 w - a +1 flail of protection
Armour
 a - a +0 robe (worn)
 o - a +3 scale mail of positive energy
 s - a +0 cloak (worn)
 z - a +1 ring mail of magic resistance
Jewellery
 b - a ring of magical power (left hand)
 y - a ring of ice (right hand)
Scrolls
 d - 2 scrolls of magic mapping
 e - 5 scrolls of identify {unknown}
 f - 2 scrolls of enchant weapon
 i - 3 scrolls of remove curse
 k - a scroll of amnesia {unknown}
 l - 3 scrolls of enchant armour {unknown}
 p - 2 scrolls of teleportation {unknown}
 r - 2 scrolls of immolation {unknown}
Potions
 g - a potion of lignification
 j - 2 potions of curing {unknown}
 m - a potion of might {unknown}
 n - 2 potions of heal wounds {unknown}
 q - a potion of degeneration {unknown}
 t - a potion of mutation {unknown}
 u - a potion of ambrosia {unknown}
 v - 2 potions of cancellation {unknown}
 x - a potion of haste {unknown}
Comestibles
 c - 9 rations
 A - a chunk of flesh


   Skills:
 - Level 1.7 Dodging
 - Level 1.7 Stealth
 - Level 4.0 Spellcasting
 + Level 2.4 Summonings
 - Level 8.0 Ice Magic


You had 2 spell levels left.
You knew the following spells:

 Your Spells              Type           Power        Failure   Level  Hunger
a - Freeze                Ice            ####         1%          1    None
b - Frozen Ramparts       Ice            ######       1%          3    ##.....
c - Hailstorm             Conj/Ice       ####....     21%         4    ####...
d - Summon Ice Beast      Ice/Summ       #####...     12%         4    ####...

Your spell library contained the following spells:

 Spells                   Type           Power        Failure   Level  Hunger
 Ozocubu's Armour         Chrm/Ice       ####....     6%          3    ##.....


Dungeon Overview and Level Annotations

Branches:
Dungeon (5/15)
 Temple: D:4-7

Annotations:
D:5 Grinder


Innate Abilities, Weirdness & Mutations

You have an increased reservoir of magic. (+10% MP)


Message History

* * * LOW HITPOINT WARNING * * *
Okay, then.
Unknown command.
What are your orders? t - Shout!
Orders for allies: a - Attack new target. p - Attack previous target. r - Retreat! s - Stop attacking. g - Guard the area. f - Follow me.
Anything else - Cancel.
Okay, then.
Unknown command.
As you read the scroll labeled WAPLATOAMI, it crumbles to dust.
You feel as if something is helping you.
It was a scroll of remove curse.
Grinder closely misses you. The nameless horror barely misses you.
As you read the scroll labeled XEEDYR IPSEI, it crumbles to dust.
You feel aware of your surroundings.
It was a scroll of magic mapping.
Grinder gestures at you. Pain shoots through your body!
You die...

*##.........#...
*...........#...
###...##..........
*...........##....
*#.......#...####.
##...##..#...###..
####.....##....###...
##.........#.#........
#....@###....#...#†...
##..X5# #.......##....
##...###......###.<..
##............#.....
##.................
##.##.......#.......
###...##......##..##.<
###.....#.....(.###.#...
#......[................


You could see a nameless horror and Grinder.

Vanquished Creatures
  Duvessa (D:4)
  3 ogres
  Dowan (D:4)
  A scorpion (D:5)
  A crimson imp (D:5)
  A bullfrog zombie (D:5)
  A hound (D:5)
  3 orc priests (D:4)
  4 orc wizards
  Terence (D:2)
  2 worker ants (D:4)
  A howler monkey zombie (D:5)
  5 adders
  An ooze (D:3)
  2 adder zombies (D:5)
  An adder skeleton (D:5)
  4 worms
  5 dart slugs
  9 orcs
  4 bats
  2 giant cockroaches
  9 goblins
  8 hobgoblins
  5 jackals
  A quokka (D:2)
  4 frilled lizards
  A jackal skeleton (D:5)
  6 kobolds
  4 rats
91 creatures vanquished.

Vanquished Creatures (collateral kills)
  An ogre (D:5)
  A jackal (D:5)
2 creatures vanquished.

Grand Total: 93 creatures vanquished

Notes
Turn   | Place    | Note
-------+----------+-------------------------------------------
     0 | D:1      | gruber the Demigod Ice Elementalist began the quest for the
                  | Orb.
     0 | D:1      | Reached XP level 1. HP: 14/14 MP: 5/5
   334 | D:1      | Reached skill level 4 in Ice Magic
   568 | D:1      | Reached XP level 2. HP: 13/20 MP: 4/7
  1324 | D:2      | Noticed an ogre
  1336 | D:2      | Killed an ogre
  1336 | D:2      | Reached XP level 3. HP: 26/26 MP: 7/11
  1336 | D:2      | Reached XP level 4. HP: 33/33 MP: 7/12
  1645 | D:2      | Learned a level 3 spell: Frozen Ramparts
  1968 | D:2      | Noticed Terence
  1975 | D:2      | Killed Terence
  1975 | D:2      | Reached XP level 5. HP: 32/38 MP: 5/14
  3154 | D:4      | Reached skill level 5 in Ice Magic
  3536 | D:4      | Noticed an ogre
  3560 | D:4      | Killed an ogre
  3560 | D:4      | Reached XP level 6. HP: 16/45 MP: 15/15
  3803 | D:4      | Reached skill level 6 in Ice Magic
  4498 | D:4      | Learned a level 4 spell: Hailstorm
  4503 | D:4      | Learned a level 4 spell: Summon Ice Beast
  4512 | D:5      | Entered Level 5 of the Dungeon
  4584 | D:5      | Noticed Grinder
  4588 | D:5      | Noticed Dowan
  4591 | D:5      | Noticed Duvessa
  4621 | D:4      | Killed Duvessa
  4621 | D:4      | Reached skill level 7 in Ice Magic
  4621 | D:4      | Reached XP level 7. HP: 22/50 MP: 16/16
  4627 | D:4      | Killed Dowan
  5306 | D:5      | Reached skill level 8 in Ice Magic
  5409 | D:5      | Reached skill level 1 in Summonings
  5549 | D:5      | Paralysed by Grinder for 3 turns
  5576 | D:5      | Noticed a nameless horror
  5576 | D:5      | Paralysed by Grinder for 5 turns
  5585 | D:5      | Killed from afar by Grinder

Illustrated notes

Levels and vault maps discovered:
D:1:      minmay_arrival_radiant_lines, layout_basic,
          chequers_serial_rivers_small_a, ebering_dispersal_statue_hall,
          hex_large
D:2:      layout_loops_ring, first_ration, uniq_terence
D:3:      layout_loops_ring
D:4:      layout_cave_pools
D:5:      layout_cave_pools, minivault_23, uniq_grinder, uniq_duvessa,
          uniq_blork_the_orc, uniq_eustachio

Skill      XL: |  1  2  3  4  5  6  7 |
---------------+----------------------+-----
Ice Magic      | 4 5 7 8 |  8.0
Spellcasting   | 3 4 |  4.0
Summonings     | 2 |  2.4
Dodging        | |  1.7
Stealth        | |  1.7

Action                   |  1- 3 |  4- 6 |  7- 9 || total
-------------------------+-------+-------+-------++-------
Melee: Unarmed           |     4 |       |       ||     4
       Dagger            |    11 |   122 |    47 ||   180
       Flail             |       |       |    15 ||    15
 Cast: Freeze            |    22 |    13 |     2 ||    37
       Frozen Ramparts   |       |    17 |     7 ||    24
       Summon Ice Beast  |       |       |     3 ||     3
  Use: Scroll            |       |       |     3 ||     3
       Potion            |       |       |     1 ||     1
 Stab: Sleeping          |       |     5 |       ||     5
  Eat: Chunk             |     1 |    12 |     4 ||    17
Armor: Robe              |     8 |    22 |     7 ||    37
       Ring mail         |       |       |    12 ||    12
       Skin              |       |       |     3 ||     3
Dodge: Dodged            |    21 |    64 |    39 ||   124
